 Dungeon Crawl Stone Soup version 0.29-a0-323-g050149af67 (webtiles) character file.

Game seed: 7829392217882502237

361 Armakuni the Skirmisher (level 6, -1/49 HPs)
             Began as a Human Wanderer on Apr 9, 2022.
             Succumbed to a scorpion's poison
             ... on level 4 of the Dungeon on Apr 10, 2022.
             The game lasted 00:06:03 (3267 turns).

Armakuni the Skirmisher (Human Wanderer)            Turns: 3267, Time: 00:06:04

Health: -1/49      AC:  7    Str: 16    XL:     6   Next: 99%
Magic:  6/6        EV: 15    Int: 10    God:
Gold:   171        SH:  0    Dex: 13    Spells: 5/5 levels left

rFire   + . .      SeeInvis .   a - +4 hand axe
rCold   + . .      Faith    .   (no shield)
rNeg    . . .      Spirit   .   b - +0 scale mail
rPois   .          Reflect  .   (no helmet)
rElec   .          Harm     .   q - scarf {rC+ rF+}
rCorr   .          Rampage  .   (no gloves)
Will    .....                   (no boots)
Stlth   ..........              (no amulet)
HPRegen 0.16/turn               E - +4 ring of evasion
MPRegen 0.10/turn               (no ring)

@: lethally poisoned (-1 -> -9)
A: no striking features
a: no special abilities


You were on level 4 of the Dungeon.
You visited 1 branch of the dungeon, and saw 4 of its levels.

You collected 171 gold pieces.

Inventory:

Hand Weapons
 a - a +4 hand axe (weapon)
 j - a +0 long sword
Missiles
 f - 6 javelins (quivered)
Armour
 b - a +0 scale mail (worn)
 q - a scarf of resistance (worn)
Magical Staves
 i - a staff of conjuration
Jewellery
 E - a +4 ring of evasion (left hand)
Wands
 k - a wand of digging (2)
Scrolls
 c - a scroll of vulnerability
 e - 2 scrolls of noise
 l - a scroll of amnesia
 n - 2 scrolls of identify
Potions
 d - 2 potions of degeneration
 g - a potion of curing
 h - a potion of resistance {unknown}
 o - a potion of might {unknown}
 p - a potion of berserk rage {unknown}


   Skills:
 + Level 4.4 Fighting
 - Level 4.0 Axes
 + Level 4.4 Armour
 - Level 4.0 Dodging


You had 5 spell levels left.
You didn't know any spells.
Your spell library contained the following spells:

 Spells                   Type           Power      Damage    Failure   Level
 Pain                     Necr           0%         1d4       77%         1
 Scorch                   Fire           0%         2d5       88%         2
 Confusing Touch          Hex            0%         N/A       98%         3
 Flame Wave               Conj/Fire      0%         2d4       100%        4
 Agony                    Necr           0%         N/A       100%        5
 Excruciating Wounds      Necr           0%         N/A       100%        5
 Yara's Violent Unravell  Hex/Tmut       0%         3d3       100%        5
 Summon Cactus Giant      Summ           0%         N/A       100%        6
 Enfeeble                 Hex            0%         N/A       100%        7


Dungeon Overview and Level Annotations

Branches:
Dungeon (4/15)
 Temple: D:4-7

Altars:


Message History

The scorpion stings you.
You barely miss the scorpion.
The scorpion is lightly wounded.
The scorpion stings you.
You are poisoned.
The scorpion poisons you! The scorpion closely misses you.
You barely miss the scorpion.
The scorpion is lightly wounded.
You feel very sick. The scorpion closely misses you.
You hit the scorpion but do no damage.
The scorpion is lightly wounded.
You feel very sick. The scorpion misses you.
You hit the scorpion.
The scorpion is moderately wounded.
You feel sick.
The scorpion stings you but does no damage.
The scorpion stings you.
You closely miss the scorpion.
The scorpion is moderately wounded.
You feel sick. The scorpion stings you.
* * * LOW HITPOINT WARNING * * *
You closely miss the scorpion.
The scorpion is moderately wounded.
You feel sick. The scorpion misses you.
You closely miss the scorpion.
The scorpion is moderately wounded.
You feel sick. The scorpion stings you.
* * * LOW HITPOINT WARNING * * *
You are lethally poisoned!
The scorpion poisons you! The scorpion barely misses you.
You closely miss the scorpion.
The scorpion is moderately wounded.
* * * LOW HITPOINT WARNING * * *
You feel very sick. The scorpion barely misses you.
You closely miss the scorpion.
The scorpion is moderately wounded.
You die...

.........# ...†.##..# #.
#...#.. .##..##..# #..
#...#. .........# ..
[.... ###...##.# ..#...#
#.#.##.# .#... #......#
... # # ###.####
#s##.####
####...#########@.......
'.......................
####...#########.#...##.
# ##.## #.##.## #.# #..
.# ##.# #.## # #..# #.#
#.## #.# #.# #..


You could see a scorpion.

Vanquished Creatures
  An ogre (D:4)
  A hound (D:4)
  Terence (D:2)
  Natasha (thrice) (D:2)
  An iguana (D:3)
  3 adders
  3 gnolls (D:3)
  2 worms
  A dart slug (D:1)
  5 orcs (D:3)
  4 ball pythons
  4 endoplasms
  A giant cockroach (D:1)
  3 goblins
  6 hobgoblins
  5 jackals
  3 quokkas
  A bat (D:3)
  6 frilled lizards
  3 kobolds
  4 rats
61 creatures vanquished.

Notes
Turn   | Place    | Note
-------+----------+-------------------------------------------
     0 | D:1      | Armakuni the Human Wanderer began the quest for the Orb.
     0 | D:1      | Armakuni set off with the following items: a +3 hand axe, a
                  | +0 scale mail, a scroll of vulnerability
     0 | D:1      | Reached XP level 1. HP: 16/16 MP: 1/1
   272 | D:1      | Reached XP level 2. HP: 23/23 MP: 2/2
   769 | D:2      | Noticed Natasha
   776 | D:2      | Noticed a crimson imp
   779 | D:2      | Killed Natasha
   779 | D:2      | Noticed Natasha
   780 | D:2      | Reached XP level 3. HP: 25/30 MP: 3/3
   795 | D:2      | Killed Natasha
   796 | D:2      | Reached XP level 4. HP: 5/37 MP: 4/4
  1143 | D:2      | Noticed Terence
  1160 | D:2      | Killed Terence
  1323 | D:2      | Noticed Natasha
  1434 | D:2      | Reached XP level 5. HP: 42/42 MP: 5/5
  1448 | D:2      | Killed Natasha
  1574 | D:2      | Found a faded altar of an unknown god.
  1756 | D:2      | Upgraded the game from 0.29-a0-322-g68df515428 to
                  | 0.29-a0-323-g050149af67
  2160 | D:3      | Reached XP level 6. HP: 46/48 MP: 6/6
  2635 | D:4      | Noticed an ogre
  2651 | D:4      | Killed an ogre
  3266 | D:4      | HP: 1/49 [poisoned by a scorpion]
  3267 | D:4      | Succumbed to a scorpion's poison

Illustrated notes

Levels and vault maps discovered:
D:1:      giann_bridges, layout_loops_ring, minmay_strange_pillars
D:2:      minmay_chambers_of_ones, layout_basic,
          chequers_ecumenical_altar_simple, feat_on_display, uniq_natasha,
          uniq_terence
D:3:      layout_basic, kennysheep_generic_room_8
D:4:      layout_loops_corners, minmay_misc_feat_five

Skill      XL: |  1  2  3  4  5  6 |
---------------+-------------------+-----
Fighting       | 3 4 |  4.4
Armour         | 4 |  4.4
Dodging        | 3 4 |  4.0
Axes           | |  4.0

Action                   |  1- 3 |  4- 6 || total
-------------------------+-------+-------++-------
Melee: Hand axe          |    42 |   131 ||   173
Throw: Javelin           |       |     4 ||     4
  Use: Scroll            |     2 |     4 ||     6
Armor: Scale mail        |    12 |    38 ||    50
Dodge: Dodged            |    26 |    70 ||    96

Table legend: (Time is in decaauts)
 A = Elapsed time spent in this place.
 B = Non-inter-level travel time spent in this place.
 C = Inter-level travel time spent in this place.
 D = Time resting spent in this place.
 E = Time spent auto-exploring this place.
 F = Levels seen in this place.
 G = Mean time per level.
                   A        B        C        D        E       F      G
               +--------+--------+--------+--------+--------+-----+--------+
         Total |   3306 |   3174 |    132 |    459 |   2138 |   4 |  826.5 |
       Dungeon |   3306 |   3174 |    132 |    459 |   2138 |   4 |  826.5 |
               +--------+--------+--------+--------+--------+-----+--------+

Top non-repeatable levels by time:
     D:2: 1312 daAuts
     D:1: 754 daAuts
     D:4: 632 daAuts
     D:3: 607 daAuts
